 Dungeon Crawl Stone Soup version 0.31.0-12-g77e489cdc1 (webtiles) character file.

Game seed: 894145630204215945

61 Killerpretzel the Changeling (level 4, -2/29 HPs)
             Began as an Octopode Shapeshifter on Mar 2, 2024.
             Slain by a goblin
             ... wielding a +0 dagger
              (3 damage)
             ... on level 2 of the Dungeon.
             The game lasted 00:00:55 (942 turns).

Killerpretzel the Changeling (Octopode Shapeshifter) Turns: 942, Time: 00:00:55

Health: -2/29      AC:  0    Str: 13    XL:     4   Next: 7%
Magic:  4/4        EV: 20    Int: 12    God:
Gold:   93         SH:  0    Dex: 18    Spells: 3/3 levels left

rFire   . .          .
                       - Unarmed
rCold   . . .        (shield currently unavailable)
rNeg    . . .        (helmet currently unavailable)
rPois   .            (no amulet)
rElec   .            (ring currently unavailable)
rCorr   .            (ring currently unavailable)
SInv    .            (ring currently unavailable)
Will    .....        (ring currently unavailable)
Stlth   ++           (ring currently unavailable)
HPRegen 0.24/turn    (ring currently unavailable)
MPRegen 0.09/turn    (ring currently unavailable)
                     (ring currently unavailable)

%: no passive effects
@: bat-form (expiring), flying, hasted, very quick
A: fast, flying, no casting, almost no armour, (amphibious), (8 rings), tiny,
(camouflage 1), (gelatinous body 1), (nimble swimmer 1), (tentacles)
a: no special abilities


You were on level 2 of the Dungeon.
You were a bat.
You visited 1 branch of the dungeon, and saw 2 of its levels.

You collected 93 gold pieces.

Inventory:

Talismans
 b - a beast talisman
 c - a flux talisman
Scrolls
 d - 2 scrolls of teleportation
 e - a scroll of enchant weapon {unknown}
Potions
 a - a potion of lignification
 f - a potion of brilliance
 g - a potion of haste


   Skills:
 + Level 1.8 Fighting
 + Level 2.5 Dodging
 + Level 3.3 Unarmed Combat
 * Level 3.7 Shapeshifting


You had 3 spell levels left.
You didn't know any spells.
Your spell library contained the following spells:

 Spells                   Type           Power      Damage    Failure   Level
 Call Imp                 Summ           0%         N/A       45%         2
 Sublimation of Blood     Necr           0%         N/A       45%         2
 Summon Hydra             Summ           0%         N/A       100%        7


Dungeon Overview and Level Annotations

Branches:
Dungeon (2/15)

Altars:
Nemelex Xobeh

Annotations:
D:2 Terence


Innate Abilities, Weirdness & Mutations

You are a bat.
You are tiny and dextrous.
You move quickly.
You are flying.
Your equipment is almost entirely melded.
You are incapable of wielding weapons or throwing items.
You cannot cast spells.
You cannot wear most types of armour.
((You are amphibious.))
((You can wear up to eight rings at the same time.))
((Your skin changes colour to match your surroundings (Stealth+).))
((Your rubbery body absorbs attacks. (AC +1, EV +1)))
((You are camouflaged when in or above water. (Stealth+)))
((You have tentacles for arms and can constrict up to eight enemies at once.))


Message History

You hit Terence.
Terence is lightly wounded.
You hit Terence but do no damage.
Terence is lightly wounded.
Terence hits you with a +0 short sword.
You hit Terence but do no damage.
Terence is lightly wounded.
Terence barely misses you.
You hit Terence but do no damage.
Terence is lightly wounded.
A ball python comes into view.
You hit Terence.
Terence is lightly wounded.
Terence completely misses you.
You hit Terence but do no damage.
Terence is lightly wounded.
You hit Terence but do no damage.
Terence is lightly wounded.
Terence hits you with a +0 short sword.
You hit Terence but do no damage.
Terence is lightly wounded.
Terence hits you with a +0 short sword. The goblin completely misses you.
You hit Terence but do no damage.
Terence is lightly wounded.
You closely miss Terence.
Terence is lightly wounded.
Terence misses you. The goblin misses you.
You hit Terence but do no damage.
Terence is lightly wounded.
Terence hits you with a +0 short sword. The goblin hits you with a +0 dagger.
You hit Terence.
Terence is moderately wounded.
You hit Terence but do no damage.
Terence is moderately wounded.
Your transformation is almost over.
Terence shouts, "Get ready for death!"
Terence hits you with a +0 short sword!
* * * LOW HITPOINT WARNING * * *
The goblin hits you with a +0 dagger.
You die...

....) ######...#####.#
.._.. .$
...............# .....
#.############..#######
.....
#..............>..#
#.........†.......#
#.................#
#........##########
#........# #...Sgb..#
#....@...# #........#
........!.# ###.......#
#.......# #.......#
#########


You could see Terence, a goblin and a ball python.

Vanquished Creatures
  An adder (D:2)
  3 dart slugs
  5 bats
  5 endoplasms
  3 giant cockroaches (D:1)
  A goblin (D:1)
  A hobgoblin (D:2)
  3 jackals (D:2)
  3 quokkas
  5 ball pythons
  4 frilled lizards
  6 kobolds
  4 rats
44 creatures vanquished.

Notes
Turn   | Place    | Note
-------+----------+-------------------------------------------
     0 | D:1      | Killerpretzel the Octopode Shapeshifter began the quest for
                  | the Orb.
     0 | D:1      | Reached XP level 1. HP: 13/13 MP: 1/1
    87 | D:1      | Reached XP level 2. HP: 9/18 MP: 2/2
   290 | D:1      | Reached XP level 3. HP: 21/23 MP: 3/3
   555 | D:2      | Found a sparkling altar of Nemelex Xobeh.
   832 | D:2      | Reached XP level 4. HP: 29/29 MP: 4/4
   912 | D:2      | Noticed Terence
   942 | D:2      | HP: 1/29 [Terence/+0 short sword (9)]
   942 | D:2      | Slain by a goblin

Illustrated notes

Levels and vault maps discovered:
D:1:      wander_arrival_desolate, layout_rooms
D:2:      layout_basic, basic_altar, uniq_terence

Action                     |  1- 3 |  4- 6 || total
---------------------------+-------+-------++-------
  Melee: Unarmed           |    73 |    32 ||   105
         Constrict         |    25 |     2 ||    27
         Tentacles         |    16 |     2 ||    18
         Punch             |     1 |       ||     1
    Use: Scroll            |     2 |       ||     2
         Potion            |       |     2 ||     2
   Stab: Sleeping          |     9 |       ||     9
 Armour: Skin              |    30 |    15 ||    45
  Dodge: Dodged            |    36 |    17 ||    53
